 Dungeon Crawl Stone Soup version 0.29.1-12-g30fa7ad0bf (webtiles) character file.

Game seed: 9489589607190965569

122 hawla the Chiller (level 5, -4/38 HPs)
             Began as a Meteoran Ice Elementalist on Dec 23, 2022.
             Was an Initiate of Vehumet.
             Killed from afar by a white imp (10 damage)
             ... with a puff of frost
             ... on level 5 of the Dungeon.
             The game lasted 00:04:27 (659 turns).

hawla the Chiller (Meteoran Ice Elementalist)        Turns: 659, Time: 00:04:28

Health: -4/38      AC:  3    Str:  9    XL:     5   Next: 53%
Magic:  7/11       EV: 12    Int: 19    God:    Vehumet [......]
Gold:   85         SH:  0    Dex: 14    Spells: 3/11 levels left

rFire   . . .      SeeInvis .   (no weapon)
rCold   . . .      Faith    .   (no shield)
rNeg    . . .      Spirit   .   a - +0 robe
rPois   .          Reflect  .   (no helmet)
rElec   .          Harm     .   (no cloak)
rCorr   +          Rampage  .   g - +0 pair of gloves
Will    .....                   (no boots)
Stlth   +.........              (no amulet)
HPRegen 0.12/turn               c - ring of resist corrosion
MPRegen 0.12/turn               (no ring)

@: weak-willed, glowing
A: sense surroundings 1, otherworldly, glowing, explore regen
a: Renounce Religion


You were on level 5 of the Dungeon.
You worshipped Vehumet.
Vehumet was noncommittal.
You visited 1 branch of the dungeon, and saw 5 of its levels.

You collected 85 gold pieces.

Inventory:

Armour
 a - a +0 robe (worn)
 g - a +0 pair of gloves (worn)
Jewellery
 c - a ring of resist corrosion (left hand)
Potions
 b - a potion of magic
 e - 3 potions of mutation


   Skills:
 - Level 2.6 Dodging
 - Level 1.4 Stealth
 - Level 3.5 Spellcasting
 + Level 3.2 Conjurations
 - Level 5.5 Ice Magic


You had 3 spell levels left.
You knew the following spells:

 Your Spells              Type           Power      Damage    Failure   Level
a - Freeze                Ice            96%        1d11      1%          1
b - Frozen Ramparts       Ice            48%        1d8       4%          3
c - Hailstorm             Conj/Ice       19%        3d6       24%         4

Your spell library contained the following spells:

 Spells                   Type           Power      Damage    Failure   Level
 Ozocubu's Armour         Ice            24%        N/A       4%          3
 Mephitic Cloud           Conj/Pois/Air  7%         N/A       28%         3
 Ignite Poison            Fire/Tmut/Pois 3%         N/A       41%         3
 Freezing Cloud           Conj/Ice/Air   7%         6-21      77%         5


Dungeon Overview and Level Annotations

Branches:
Dungeon (5/15) Zot: 2340
 Temple: D:4-7

Altars:
Vehumet

Annotations:
D:3 Grinder


Innate Abilities, Weirdness & Mutations

You passively map a small area around you.
You are easily found by Zot.
You glow in the dark.
You regain HP and MP as you explore.


Message History

Magic quickly surges around you.
It was a scroll of vulnerability.
The white imp hits you. The white imp freezes you.
The white imp gestures at you. The puff of frost hits you.
Okay, then.
Casting: Freeze (safe; 1% risk of failure)
Confirm with . or Enter, or press ? or * to list all spells.
The spell is quite dangerous to miscast (24% risk of failure)!
Continue anyway?
Casting: Hailstorm (quite dangerous; 24% risk of failure)
Press: ? - help, Dir - look around, f - activate A cannonade of hail descends around you!
The hail pelts the white imp.
The white imp partially resists.
The white imp is heavily wounded.
Unknown command.
You hit the white imp but do no damage.
The white imp is heavily wounded.
The white imp hits you. The white imp freezes you.
You closely miss the white imp.
The white imp is heavily wounded.
The white imp gestures at you. The puff of frost hits you.
You hit the white imp but do no damage.
The white imp is heavily wounded.
The white imp gestures at you. The puff of frost misses you.
You hit the white imp but do no damage.
The white imp is heavily wounded.
The white imp hits you.
* * * LOW HITPOINT WARNING * * *
The white imp freezes you.
* * * LOW HITPOINT WARNING * * *
Okay, then.
You aren't carrying any scrolls.
Unknown command.
The white imp attacks as you move away! The white imp closely misses you.
The white imp attacks as you move away! The white imp barely misses you.
The white imp attacks as you move away! The white imp misses you.
The white imp gestures at you. The puff of frost hits you!
You die...

* .. +* ######### ...
, , , ,+...#...##...
#####........#.# ,
+..............# , *
* .#............# , ,
,
#####............##.
*
+.....5.............,
,, ,
####@#).......#.###.
###..........#.##.# *
* ,* +......####..#.#
,# , #####....#
#..#.#>, ,
#.>......#######.. ,
...####.#.......###
..### * #.#######..
,..... #######.# *
..### .......<# *


You could see a white imp (weak-willed).

Vanquished Creatures
  A scorpion (D:5)
  An iguana (D:4)
  2 adders (D:4)
  A dart slug (D:4)
  3 orcs (D:4)
  An endoplasm (D:4)
  A giant cockroach (D:1)
  A hobgoblin (D:4)
  2 quokkas
  A ball python (D:4)
  2 kobolds
  A rat (D:1)
17 creatures vanquished.

Notes
Turn   | Place    | Note
-------+----------+-------------------------------------------
     0 | D:1      | hawla the Meteoran Ice Elementalist began the quest for the
                  | Orb.
     0 | D:1      | Reached XP level 1. HP: 14/14 MP: 5/5
   202 | D:3      | Noticed Grinder
   208 | D:3      | Paralysed by Grinder for 2 turns
   241 | D:4      | Reached XP level 2. HP: 16/20 MP: 3/6
   281 | D:4      | Reached skill level 5 in Ice Magic
   281 | D:4      | Reached XP level 3. HP: 26/26 MP: 2/8
   283 | D:4      | Reached XP level 4. HP: 33/33 MP: 0/9
   287 | D:4      | Learned a level 3 spell: Frozen Ramparts
   383 | D:4      | Found a radiant altar of Vehumet.
   412 | D:4      | Became a worshipper of Vehumet
   433 | D:4      | Learned a level 4 spell: Hailstorm
   579 | D:4      | Reached skill level 1 in Conjurations
   591 | D:5      | Entered Level 5 of the Dungeon
   605 | D:4      | Noticed a phantom
   609 | D:5      | Noticed a scorpion
   615 | D:5      | Killed a scorpion
   616 | D:5      | Reached XP level 5. HP: 34/38 MP: 4/11
   659 | D:5      | Killed from afar by a white imp

Illustrated notes

Levels and vault maps discovered:
D:1:      kilobyte_arrival_exit_the_forest, layout_loops_ring,
          basic_ecumenical_altar, minmay_misc_feat_enclosed,
          minmay_splitting_lines
D:2:      layout_basic, minmay_octomino_e4
D:3:      layout_loops_ring, slow_altar_1, portal_sewer_entry_f,
          ebering_ghost_reflecting_pool, uniq_grinder
D:4:      layout_loops_corners, nicolae_vehumet_radiance, minmay_between
D:5:      nicolae_cairo_tiling_large, layout_rooms,
          nicolae_gozag_cash_rules_everything_around_me,
          mainiacjoe_overflow_small_starburst, uniq_edmund

Skill      XL: |  1  2  3  4 |
---------------+-------------+-----
Spellcasting   | 3 |  3.5
Ice Magic      | 5 |  5.5
Conjurations   | 3 |  3.2
Dodging        | |  2.6
Stealth        | |  1.4

Action                   |  1- 3 |  4- 6 || total
-------------------------+-------+-------++-------
Melee: Unarmed           |       |     4 ||     4
 Cast: Freeze            |    15 |     9 ||    24
       Frozen Ramparts   |       |     6 ||     6
       Hailstorm         |       |     1 ||     1
  Use: Scroll            |     1 |     2 ||     3
Armor: Robe              |     2 |     1 ||     3
Dodge: Dodged            |     4 |    11 ||    15
